 Dungeon Crawl Stone Soup version 0.31-a0-246-g8cbcc1cb85 (webtiles) character file.

Game seed: 16575907009193361650

16 qw the Shooter (level 2, -1/16 HPs)
             Began as a Gargoyle Hexslinger on July 12, 2023.
             Slain by a goblin
             ... wielding a +0 dagger
              (3 damage)
             ... on level 1 of the Dungeon.
             The game lasted 00:00:08 (216 turns).

qw the Shooter (Gargoyle Hexslinger)                 Turns: 216, Time: 00:00:08

Health: -1/16      AC:  4    Str: 11    XL:     2   Next: 54%
Magic:  3/3        EV: 12    Int: 13    God:
Gold:   29         SH:  0    Dex: 12    Spells: 2/3 levels left

rFire   . . .        a - +1 sling
rCold   . . .        (no shield)
rNeg    + . .        c - +0 robe
rPois   inf          (no helmet)
rElec   +            (no cloak)
rCorr   .            (no gloves)
SInv    .            (no boots)
Will    .....        (no amulet)
Stlth   +            (no ring)
HPRegen 0.22/turn    (no ring)
MPRegen 0.08/turn

%: no passive effects
@: no status effects
A: sickness immunity, AC +2, negative energy resistance 1, electricity
resistance, torment resistance 1, petrification resistance
a: no special abilities


You were on level 1 of the Dungeon.
You visited 1 branch of the dungeon, and saw 1 of its levels.

You collected 29 gold pieces.


Innate Abilities, Weirdness & Mutations

You are immune to sickness and miasma.
Your stone body is resilient. (AC +2)
You are immune to poison.
You resist negative energy. (rN+)
You are resistant to electric shocks. (rElec)
You are resistant to unholy torment.
You are immune to petrification.


   Skills:
 + Level 1.2 Fighting
 - Level 3.0 Ranged Weapons
 - Level 1.5 Dodging
 - Level 1.0 Spellcasting
 - Level 2.6 Hexes


You had 2 spell levels left.
You knew the following spells:

 Your Spells              Type           Power      Damage    Failure   Level
a - Slow                  Hex            28%        N/A       10%         1

Your spell library contained the following spells:

 Spells                   Type           Power      Damage    Failure   Level
 Inner Flame              Hex/Fire       4%         N/A       43%         3
 Portal Projectile        Hex/Tloc       8%         N/A       43%         3
 Cause Fear               Hex            3%         N/A       67%         4

Inventory:

Hand Weapons
 a - a +1 sling (weapon)
Armour
 c - a +0 robe (worn)
Scrolls
 b - a scroll of poison
 d - a scroll of teleportation {unknown}
 e - a scroll of identify {unknown}
Potions
 f - 2 potions of brilliance {unknown}

Dungeon Overview and Level Annotations

Branches:
Dungeon (1/15)

Altars:


Message History

The sling bullet barely misses the hobgoblin.
The bat hits you. The bat barely misses you. The hobgoblin hits you.
The goblin hits you with a +0 dagger.
You shoot a sling bullet.
The sling bullet barely misses the hobgoblin.
The bat hits you but does no damage. x2; The bat closely misses you.
The goblin barely misses you. The hobgoblin barely misses you.
You shoot a sling bullet. The sling bullet hits the hobgoblin!
You kill the hobgoblin!
The bat hits you but does no damage. x2; The goblin barely misses you.
You shoot a sling bullet. The sling bullet hits the goblin.
The goblin is moderately wounded.
The bat closely misses you. The goblin hits you with a +0 dagger.
The frilled lizard closely misses you. x2; The goblin completely misses you.
You shoot a sling bullet.
The sling bullet closely misses the goblin.
The bat hits you but does no damage. The frilled lizard barely misses you.
The goblin closely misses you.
You shoot a sling bullet.
The sling bullet barely misses the goblin.
The bat misses you. The goblin hits you with a +0 dagger.
The frilled lizard misses you.
You shoot a sling bullet.
The sling bullet closely misses the goblin.
The bat closely misses you. The goblin closely misses you.
The frilled lizard barely misses you.
You shoot a sling bullet.
The sling bullet hits the goblin but does no damage.
The goblin is moderately wounded.
The goblin hits you with a +0 dagger. The bat misses you.
The frilled lizard bites you. The frilled lizard misses you.
The goblin hits you with a +0 dagger.
You shoot a sling bullet.
The sling bullet barely misses the goblin.
The bat closely misses you. The frilled lizard misses you.
The goblin barely misses you.
You shoot a sling bullet.
The sling bullet closely misses the goblin.
The bat hits you but does no damage. The goblin hits you with a +0 dagger.
You die...

.# #.# ## #.# #.#
#.# #.# #.#
######### #.#
........########.#
.....bl@'........#
.......g##########
........#
....%...#
........#
........#
........#
........#


You could see a goblin, a bat and a frilled lizard.

Vanquished Creatures
  A bat (D:1)
  3 endoplasms (D:1)
  2 goblins (D:1)
  A hobgoblin (D:1)
  2 ball pythons (D:1)
  2 frilled lizards (D:1)
  3 kobolds (D:1)
  A rat (D:1)
15 creatures vanquished.

Notes
Turn   | Place    | Note
-------+----------+-------------------------------------------
     0 | D:1      | qw the Gargoyle Hexslinger began the quest for the Orb.
     0 | D:1      | Reached XP level 1. HP: 12/12 MP: 2/2
     0 | D:1      | 0 ||| qw: Version: 0.3-a-52-g30416fa
     0 | D:1      | 0 ||| qw: Game counter: 6220
     0 | D:1      | 0 ||| qw: Melee chars always use a shield: true
     0 | D:1      | 0 ||| qw: God list: Okawaru
     0 | D:1      | 0 ||| qw: Allow faded altars: false
     0 | D:1      | 0 ||| qw: Do Orc after clearing Dungeon:15 true
     0 | D:1      | 0 ||| qw: Do second Lair branch before Depths: true
     0 | D:1      | 0 ||| qw: Lair rune preference: random
     0 | D:1      | 0 ||| qw: Goals: Normal
     0 | D:1      | 0 ||| PLANNING D:1-11
    93 | D:1      | Reached XP level 2. HP: 16/16 MP: 3/3
   205 | D:1      | Reached skill level 3 in Ranged Weapons
   214 | D:1      | HP: 3/16 [frilled lizard (2)]
   214 | D:1      | HP: 1/16 [goblin/+0 dagger (2)]
   216 | D:1      | Slain by a goblin

Levels and vault maps discovered:
D:1:      dpeg_arrival_brainrot, layout_basic

Skill      XL: |  1  2 |
---------------+-------+-----
Ranged Weapons | 3 |  3.0
Fighting       | |  1.2
Dodging        | |  1.5
Spellcasting   | |  1.0
Hexes          | |  2.6

Action                     || total
---------------------------++-------
   Fire: Sling             ||    42
 Armour: Robe              ||    14
  Dodge: Dodged            ||    29

Table legend:
 A = Non-vault XP
 B = Vault XP
 C = Vault XP percentage of total XP
 D = Non-vault monster count
 E = Vault monster count
 F = Vault count percentage of total count
                 A         B        C        D         E       F
            +---------+---------+-------+---------+---------+-------
      Total |      23 |       0 |   0.0 |      15 |       0 |   0.0
            +---------+---------+-------+---------+---------+-------
        D:1 |      23 |       0 |   0.0 |      15 |       0 |   0.0
            +---------+---------+-------+---------+---------+-------
